Map: Emerald City LE

Players

Massa

  • Race: Terran Terran
  • League: Gold
  • Spawn Location: 5:00

qqq

  • Race: Zerg Zerg
  • League: Platinum
  • Spawn Location: 5:00

MiguelPérez - Winner!

  • Race: Zerg Zerg
  • League: Platinum
  • Spawn Location: 11:00

RicardoMuñoz - Winner!

  • Race: Zerg Zerg
  • Spawn Location: 11:00

VOD

Have the link to the VOD?

Description

Time

  • Played on: Aug. 12, 2020, 1:17 p.m.
  • Length: 5:15
Show
View Real Time Build Order
Export as new Build Order

Massa Terran 

Build Orders:  

Get SALT Encoding   

  12  0:01  SCV  
  13  0:13  SCV  
  14  0:24  Supply Depot  
  14  0:26  SCV  
  15  0:30  Refinery  
  15  0:46  SCV  
  15  0:48  Barracks  
  16  0:58  SCV  
  17  1:10  SCV  
  18  1:22  SCV  
  19  1:34  SCV  
  19  1:35  Supply Depot  
  19  1:36  Reaper  
  21  1:51  SCV  
  21  1:52  Command Center  
  22  2:08  Marine  
  22  2:44  Marine  
  23  2:51  SCV  
  24  3:02  Marine  
  24  3:03  SCV  
  26  3:10  Supply Depot  
  25  3:15  SCV  
  25  3:19  Marine  
  24  3:28  SCV  
  24  3:30  Barracks  
  24  3:33  Barracks  
  24  3:40  SCV  
  20  3:51  Marine  
  19  4:18  Marine  
  18  4:28  Bunker  
  18  4:31  Orbital Command  
  18  4:35  Marine  
  18  4:37  Marine  
  19  4:55  Supply Depot  
  19  4:57  Supply Depot  
Show
View Real Time Build Order
Export as new Build Order

qqq Zerg 

Build Orders: Hatch First 

Get SALT Encoding   

  12  0:01  Drone  
  13  0:08  Drone  
  14  0:36  Hatchery  
  13  0:51  Spawning Pool  
  13  0:54  Drone  
  13  1:05  Overlord  
  13  1:07  Drone  
  14  1:11  Extractor  
  14  1:14  Drone  
  14  1:25  Drone  
  15  1:29  Drone  
  16  1:38  Drone  
  17  1:44  Queen  
  19  1:49  Drone  
  20  1:54  Drone  
  20  2:00  Drone  
  22  2:04  Zergling x2  
  22  2:08  Spine Crawler  
  22  2:11  Zergling x2  
  22  2:18  Spine Crawler  
  22  2:21  Zergling x2  
  18  2:42  Zergling x2  
  16  2:52  Zergling x2  
  17  3:02  Drone x2  
  17  3:03  Drone  
  20  3:16  Spine Crawler  
  19  3:23  Metabolic Boost  
  19  3:25  Zergling x2  
  17  3:31  Zergling x2  
  18  3:35  Drone  
  18  3:55  Zergling x2  
  18  3:56  Zergling x4  
  18  3:57  Drone  
  18  3:58  Zergling x2  
  23  4:12  Drone, Baneling Nest  
  23  4:14  Zergling x2  
  23  4:33  Overlord x2  
  23  4:52  Zergling x4  
Show
View Real Time Build Order
Export as new Build Order

MiguelPérez Zerg - Winner!

Build Orders: Pool First 

Get SALT Encoding   

  12  0:00  Drone  
  13  0:22  Spawning Pool  
  13  0:28  Drone  
  13  0:30  Drone  
  13  0:35  Extractor  
  13  0:36  Drone  
  14  0:46  Overlord  
  14  1:08  Queen  
  14  1:10  Zergling x4  
  18  1:12  Zergling x2  
  19  1:25  Zergling x2  
  20  1:47  Hatchery  
  19  1:57  Metabolic Boost  
  19  2:13  Zergling x4  
  19  2:14  Zergling x2  
  22  2:33  Overlord  
  18  2:46  Zergling x6  
  21  2:58  Evolution Chamber  
  21  3:02  Queen  
  22  3:22  Zergling x8  
  23  3:50  Zergling x6  
  23  3:51  Zergling x8  
  27  4:11  Zergling x8  
  29  4:41  Zergling x2  
  29  4:42  Zergling x8  
Show
View Real Time Build Order
Export as new Build Order

RicardoMuñoz Zerg - Winner!

Build Orders: Pool First 

Get SALT Encoding   

  12  0:02  Drone  
  13  0:22  Spawning Pool  
  13  0:27  Drone  
  13  0:33  Drone  
  14  0:39  Overlord  
  14  0:50  Extractor, Drone  
  14  0:58  Drone  
  15  1:10  Zergling x2  
  16  1:12  Zergling x2  
  16  1:16  Queen  
  19  1:26  Zergling x2  
  20  1:38  Zergling x2  
  21  1:46  Overlord  
  21  1:58  Drone  
  22  2:15  Zergling x4  
  23  2:41  Zergling x6  
  23  2:58  Hatchery  
  21  3:22  Zergling x8  
  25  3:31  Queen  
  27  3:49  Hatchery  
  26  3:57  Zergling x6  
  29  4:13  Queen  
  29  4:14  Drone  
  32  4:31  Zergling x6  
  35  4:55  Zergling x2  
Tags
 
Add a new tag
Caveats
  • Supply blocks, unpowered buildings, or Contaminate may cause inaccurate times.
  • Supply counts are checked every 10 seconds.